AoeStats
← Iamak3186

Arabia

503394334Analyzed
1v1 RM · 1mo ago on Aug 31, 2026· 20m 47s· 2 players
Game mode
Random Map
Map size
Tiny (2 player)
Population
200
Speed
Normal
Resources
Standard
Victory
Conquest
Starting age
Dark Age
Ending age
Imperial Age
RankedLock teamsTeams togetherTeam positionsShared explorationLock speedFull tech treeHidden civsTurbo modeCheats
Victory
Defeat
🇮🇳 Mongols · India
1303
+18
🇨🇦 Burmese · Canada
1336
-18
Iamak3186
5:08 Loom
7:50 Feudal Age
8:32 Double-Bit Axe
21:22 Castle Age
20:29 Scale Barding Armor
20:36 Bloodlines
20:19 Horse Collar
20:50 Fletching
21:15 Gold Mining
Kevin James
6:44 Loom
9:45 Feudal Age
9:50 Man-at-Arms
11:01 Arson
11:26 Arson
12:48 Forging
21:25 Castle Age
Connection lost

Rejoining the realm…

Still unreachable

The connection could not be restored.

Session expired

The server has moved on; the page needs a fresh start.